 Dungeon Crawl Stone Soup version 0.30-a0-743-gbfdf073431 (webtiles) character file.

Game seed: 1530864215691429515

58 oldriver the Shooter (level 4, -1/37 HPs)
             Began as a Meteoran Hunter on Feb 6, 2023.
             Slain by an orc wizard
             ... wielding a +0 dagger
              (2 damage)
             ... on level 4 of the Dungeon.
             The game lasted 00:05:12 (1276 turns).

oldriver the Shooter (Meteoran Hunter)              Turns: 1276, Time: 00:05:13

Health: -1/37      AC:  7    Str: 12    XL:     4   Next: 44%
Magic:  5/5        EV: 12    Int: 11    God:
Gold:   83         SH:  0    Dex: 21    Spells: 3/3 levels left

rFire   . . .      SeeInvis .    a - +0 shortbow
rCold   + . .      Faith    .    (shield currently unavailable)
rNeg    . . .      Spirit   .    p - +1 ring mail of Omission {rElec rC+ Will+ Dex-4}
rPois   .          Reflect  .    q - +0 helmet
rElec   +          Harm     .    (no cloak)
rCorr   .          Rampage  .    (no gloves)
Will    +....                    (no boots)
Stlth   +                        i - amulet of regeneration
HPRegen 1.06/turn                j - +6 ring of dexterity
MPRegen 0.09/turn                (no ring)

@: glowing
A: sense surroundings 1, otherworldly, glowing, explore regen
a: no special abilities


You were on level 4 of the Dungeon.
You visited 1 branch of the dungeon, and saw 4 of its levels.

You collected 83 gold pieces.

Inventory:

Hand Weapons
 a - a +0 shortbow (weapon)
 n - a +2 short sword of draining
Armour
 p - the +1 ring mail of Omission (worn) {rElec rC+ Will+ Dex-4}
   (You found it on level 3 of the Dungeon)

   Dex:       It affects your dexterity (-4).
   rC:        It protects you from cold.
   rElec:     It insulates you from electricity.
   Will:      It increases your willpower.
 q - a +0 helmet (worn)
Jewellery
 i - an amulet of regeneration (around neck)
 j - a +6 ring of dexterity (left hand)
Wands
 l - a wand of paralysis (11)
Scrolls
 b - a scroll of immolation
 e - 2 scrolls of enchant armour {unknown}
 f - 3 scrolls of identify {unknown}
 m - a scroll of vulnerability {unknown}
 r - 2 scrolls of teleportation {unknown}
Potions
 c - a potion of cancellation {unknown}
 d - a potion of heal wounds {unknown}
 g - 2 potions of curing {unknown}
 h - a potion of flight {unknown}
 k - 4 potions of lignification {unknown}
 o - a potion of attraction {unknown}
 s - a potion of brilliance {unknown}


   Skills:
 + Level 2.8 Fighting
 * Level 5.1 Ranged Weapons
 + Level 1.6 Armour
 - Level 3.0 Dodging
 - Level 0.6 Stealth


You had 3 spell levels left.
You didn't know any spells.
Your spell library contained the following spells:

 Spells                   Type           Power      Damage    Failure   Level
 Summon Small Mammal      Summ           0%         N/A       61%         1
 Call Canine Familiar     Summ           0%         N/A       93%         3
 Summon Guardian Golem    Hex/Summ       0%         N/A       93%         3


Dungeon Overview and Level Annotations

Branches:
Dungeon (4/15) Zot: 1085
 Temple: D:4-7

Altars:

Shops:
D:2 *

Annotations:
D:1 1 runed translucent door


Innate Abilities, Weirdness & Mutations

You passively map a small area around you.
You are easily found by Zot.
You glow in the dark.
You regain HP and MP as you explore.


Message History

You are too injured to fight recklessly!
You are too injured to fight recklessly!
You are too injured to fight recklessly!
You are too injured to fight recklessly!
You are too injured to fight recklessly!
You are too injured to fight recklessly!
You are too injured to fight recklessly!
You are too injured to fight recklessly!
You are too injured to fight recklessly!
You are too injured to fight recklessly!
You are too injured to fight recklessly!
You are too injured to fight recklessly!
You are too injured to fight recklessly!
You are too injured to fight recklessly!
You are too injured to fight recklessly!
You are too injured to fight recklessly!
You are too injured to fight recklessly!
You shoot an arrow. The orc barely misses you.
Something hits you but does no damage. The orc completely misses you.
The orc barely misses you. The orc hits you but does no damage.
Something hits you but does no damage.
You shoot an arrow.
The orc hits you from afar with a +0 trident.
Something hits you but does no damage. The orc completely misses you.
You shoot an arrow.
The orc hits you from afar with a +0 trident.
Something hits you but does no damage. The orc hits you but does no damage.
You shoot an arrow. The orc closely misses you. Something hits you.
The orc hits you but does no damage. x2; The orc hits you with a +0 club.
Something hits you but does no damage.
You shoot an arrow. The orc hits you but does no damage.
Something hits you but does no damage. The orc barely misses you.
You shoot an arrow.
The orc hits you from afar with a +0 trident.
Something hits you but does no damage. The orc hits you with a +0 club.
* * * LOW HITPOINT WARNING * * *
The orc hits you from afar with a +0 trident.
* * * LOW HITPOINT WARNING * * *
The orc hits you but does no damage. Something hits you.
You die...

, #.#, , #.# *
..., , , , , .#o
#.# *+ **
.#{##.## . , * ..
o.. .. , ###o##{#
...# #....#@#
....# *
#...o#o##....# *
#....#oo......,
#.........#### ,
* #.........## ,,
#............. ,
####.......#.####
.......<...#.# ,
, ..####..#......
, ,


You could see 4 orcs.

Vanquished Creatures
  An adder (D:2)
  A worm (D:2)
  2 dart slugs
  5 endoplasms
  4 goblins
  6 hobgoblins
  A quokka (D:1)
  3 ball pythons
  7 bats
  6 frilled lizards
  4 kobolds
  6 rats
46 creatures vanquished.

Notes
Turn   | Place    | Note
-------+----------+-------------------------------------------
     0 | D:1      | oldriver the Meteoran Hunter began the quest for the Orb.
     0 | D:1      | Reached XP level 1. HP: 17/17 MP: 2/2
     0 | D:1      | Noticed a jelly
     1 | D:1      | Found a runed translucent door.
    57 | D:1      | Reached XP level 2. HP: 24/24 MP: 3/3
   176 | D:1      | Reached skill level 1 in Armour
   176 | D:1      | Reached XP level 3. HP: 29/30 MP: 4/4
   232 | D:1      | Found a faded altar of an unknown god.
   419 | D:2      | Found Coil's General Store.
   621 | D:2      | Reached skill level 5 in Ranged Weapons
   621 | D:2      | Reached XP level 4. HP: 34/37 MP: 5/5
   832 | D:3      | Identified the +1 ring mail of Omission {rElec rC+ Will+
                  | Dex-4}
  1276 | D:4      | HP: 1/37 [orc/+0 trident (6)]
  1276 | D:4      | Slain by an orc wizard

Illustrated notes

Levels and vault maps discovered:
D:1:      dpeg_arrival_caged_fury, layout_rooms,
          ebering_ecumenical_altar_sacrificial, minmay_misc_feat_nine_boxes,
          chequers_hall_statues_wall_a
D:2:      layout_loops_ring, serial_shops, shop
D:3:      layout_loops_corners, marbit_many_paths
D:4:      cheibrodos_fertilizer, layout_basic, nzn_hepliaklqana_mist_gate,
          mainiacjoe_overflow_surrounded_room, zin_treasury,
          gammafunk_ghost_abyssal_escape, uniq_edmund, uniq_crazy_yiuf_cottage

Skill      XL: |  1  2  3 |
---------------+----------+-----
Armour         | 1 |  1.6
Ranged Weapons | 5 |  5.1
Dodging        | 3 |  3.0
Fighting       | |  2.8
Stealth        | |  0.6

Action                     |  1- 3 |  4- 6 || total
---------------------------+-------+-------++-------
   Fire: Shortbow          |    88 |    32 ||   120
 Armour: Leather armour    |    23 |     3 ||    26
         Ring mail         |       |    18 ||    18
  Dodge: Dodged            |    40 |    15 ||    55

Table legend: (Time is in decaauts)
 A = Elapsed time spent in this place.
 B = Non-inter-level travel time spent in this place.
 C = Inter-level travel time spent in this place.
 D = Time resting spent in this place.
 E = Time spent auto-exploring this place.
 F = Levels seen in this place.
 G = Mean time per level.
                   A        B        C        D        E       F      G
               +--------+--------+--------+--------+--------+-----+--------+
         Total |   1313 |   1131 |    182 |      0 |      0 |   4 |  328.2 |
       Dungeon |   1313 |   1131 |    182 |      0 |      0 |   4 |  328.2 |
               +--------+--------+--------+--------+--------+-----+--------+

Top non-repeatable levels by time:
     D:3: 488 daAuts
     D:1: 432 daAuts
     D:2: 369 daAuts
     D:4: 22 daAuts
